%YAML 1.1
%TAG !u! tag:unity3d.com,2011:
--- !u!29 &1
OcclusionCullingSettings:
  m_ObjectHideFlags: 0
  serializedVersion: 2
  m_OcclusionBakeSettings:
    smallestOccluder: 5
    smallestHole: 0.25
    backfaceThreshold: 100
  m_SceneGUID: 00000000000000000000000000000000
  m_OcclusionCullingData: {fileID: 0}
--- !u!104 &2
RenderSettings:
  m_ObjectHideFlags: 0
  serializedVersion: 8
  m_Fog: 0
  m_FogColor: {r: 0.5, g: 0.5, b: 0.5, a: 1}
  m_FogMode: 3
  m_FogDensity: 0.01
  m_LinearFogStart: 0
  m_LinearFogEnd: 300
  m_AmbientSkyColor: {r: 0.212, g: 0.227, b: 0.259, a: 1}
  m_AmbientEquatorColor: {r: 0.114, g: 0.125, b: 0.133, a: 1}
  m_AmbientGroundColor: {r: 0.047, g: 0.043, b: 0.035, a: 1}
  m_AmbientIntensity: 1
  m_AmbientMode: 3
  m_SubtractiveShadowColor: {r: 0.42, g: 0.478, b: 0.627, a: 1}
  m_SkyboxMaterial: {fileID: 0}
  m_HaloStrength: 0.5
  m_FlareStrength: 1
  m_FlareFadeSpeed: 3
  m_HaloTexture: {fileID: 0}
  m_SpotCookie: {fileID: 10001, guid: 0000000000000000e000000000000000, type: 0}
  m_DefaultReflectionMode: 0
  m_DefaultReflectionResolution: 128
  m_ReflectionBounces: 1
  m_ReflectionIntensity: 1
  m_CustomReflection: {fileID: 0}
  m_Sun: {fileID: 0}
  m_IndirectSpecularColor: {r: 0, g: 0, b: 0, a: 1}
--- !u!157 &3
LightmapSettings:
  m_ObjectHideFlags: 0
  serializedVersion: 11
  m_GIWorkflowMode: 1
  m_GISettings:
    serializedVersion: 2
    m_BounceScale: 1
    m_IndirectOutputScale: 1
    m_AlbedoBoost: 1
    m_TemporalCoherenceThreshold: 1
    m_EnvironmentLightingMode: 0
    m_EnableBakedLightmaps: 0
    m_EnableRealtimeLightmaps: 0
  m_LightmapEditorSettings:
    serializedVersion: 9
    m_Resolution: 2
    m_BakeResolution: 40
    m_TextureWidth: 1024
    m_TextureHeight: 1024
    m_AO: 0
    m_AOMaxDistance: 1
    m_CompAOExponent: 1
    m_CompAOExponentDirect: 0
    m_Padding: 2
    m_LightmapParameters: {fileID: 0}
    m_LightmapsBakeMode: 1
    m_TextureCompression: 1
    m_FinalGather: 0
    m_FinalGatherFiltering: 1
    m_FinalGatherRayCount: 256
    m_ReflectionCompression: 2
    m_MixedBakeMode: 2
    m_BakeBackend: 0
    m_PVRSampling: 1
    m_PVRDirectSampleCount: 32
    m_PVRSampleCount: 500
    m_PVRBounces: 2
    m_PVRFiltering: 0
    m_PVRFilteringMode: 1
    m_PVRCulling: 1
    m_PVRFilteringGaussRadiusDirect: 1
    m_PVRFilteringGaussRadiusIndirect: 5
    m_PVRFilteringGaussRadiusAO: 2
    m_PVRFilteringAtrousColorSigma: 1
    m_PVRFilteringAtrousNormalSigma: 1
    m_PVRFilteringAtrousPositionSigma: 1
  m_LightingDataAsset: {fileID: 0}
  m_UseShadowmask: 1
--- !u!196 &4
NavMeshSettings:
  serializedVersion: 2
  m_ObjectHideFlags: 0
  m_BuildSettings:
    serializedVersion: 2
    agentTypeID: 0
    agentRadius: 0.5
    agentHeight: 2
    agentSlope: 45
    agentClimb: 0.4
    ledgeDropHeight: 0
    maxJumpAcrossDistance: 0
    minRegionArea: 2
    manualCellSize: 0
    cellSize: 0.16666667
    manualTileSize: 0
    tileSize: 256
    accuratePlacement: 0
  m_NavMeshData: {fileID: 0}
--- !u!1001 &14069317
Prefab:
  m_ObjectHideFlags: 0
  serializedVersion: 2
  m_Modification:
    m_TransformParent: {fileID: 0}
    m_Modifications:
    - target: {fileID: 4253421985542930, guid: bef31ec72ac88d6429496835b6a82035, type: 2}
      propertyPath: m_LocalPosition.x
      value: 27.061
      objectReference: {fileID: 0}
    - target: {fileID: 4253421985542930, guid: bef31ec72ac88d6429496835b6a82035, type: 2}
      propertyPath: m_LocalPosition.y
      value: -5.09
      objectReference: {fileID: 0}
    - target: {fileID: 4253421985542930, guid: bef31ec72ac88d6429496835b6a82035, type: 2}
      propertyPath: m_LocalPosition.z
      value: 0
      objectReference: {fileID: 0}
    - target: {fileID: 4253421985542930, guid: bef31ec72ac88d6429496835b6a82035, type: 2}
      propertyPath: m_LocalRotation.x
      value: 0
      objectReference: {fileID: 0}
    - target: {fileID: 4253421985542930, guid: bef31ec72ac88d6429496835b6a82035, type: 2}
      propertyPath: m_LocalRotation.y
      value: 0
      objectReference: {fileID: 0}
    - target: {fileID: 4253421985542930, guid: bef31ec72ac88d6429496835b6a82035, type: 2}
      propertyPath: m_LocalRotation.z
      value: 0
      objectReference: {fileID: 0}
    - target: {fileID: 4253421985542930, guid: bef31ec72ac88d6429496835b6a82035, type: 2}
      propertyPath: m_LocalRotation.w
      value: 1
      objectReference: {fileID: 0}
    - target: {fileID: 4253421985542930, guid: bef31ec72ac88d6429496835b6a82035, type: 2}
      propertyPath: m_RootOrder
      value: 13
      objectReference: {fileID: 0}
    - target: {fileID: 4253421985542930, guid: bef31ec72ac88d6429496835b6a82035, type: 2}
      propertyPath: m_LocalScale.x
      value: 31.979996
      objectReference: {fileID: 0}
    - target: {fileID: 1092957741914958, guid: bef31ec72ac88d6429496835b6a82035, type: 2}
      propertyPath: m_Name
      value: Platform (2)
      objectReference: {fileID: 0}
    m_RemovedComponents: []
  m_ParentPrefab: {fileID: 100100000, guid: bef31ec72ac88d6429496835b6a82035, type: 2}
  m_IsPrefabParent: 0
--- !u!1001 &228893203
Prefab:
  m_ObjectHideFlags: 0
  serializedVersion: 2
  m_Modification:
    m_TransformParent: {fileID: 0}
    m_Modifications:
    - target: {fileID: 4636468025301112, guid: 0abf35fe9c6ef7243a4424ad6800d969, type: 2}
      propertyPath: m_LocalPosition.x
      value: 59.26
      objectReference: {fileID: 0}
    - target: {fileID: 4636468025301112, guid: 0abf35fe9c6ef7243a4424ad6800d969, type: 2}
      propertyPath: m_LocalPosition.y
      value: -6.46
      objectReference: {fileID: 0}
    - target: {fileID: 4636468025301112, guid: 0abf35fe9c6ef7243a4424ad6800d969, type: 2}
      propertyPath: m_LocalPosition.z
      value: 0
      objectReference: {fileID: 0}
    - target: {fileID: 4636468025301112, guid: 0abf35fe9c6ef7243a4424ad6800d969, type: 2}
      propertyPath: m_LocalRotation.x
      value: 0
      objectReference: {fileID: 0}
    - target: {fileID: 4636468025301112, guid: 0abf35fe9c6ef7243a4424ad6800d969, type: 2}
      propertyPath: m_LocalRotation.y
      value: 0
      objectReference: {fileID: 0}
    - target: {fileID: 4636468025301112, guid: 0abf35fe9c6ef7243a4424ad6800d969, type: 2}
      propertyPath: m_LocalRotation.z
      value: 0.7071068
      objectReference: {fileID: 0}
    - target: {fileID: 4636468025301112, guid: 0abf35fe9c6ef7243a4424ad6800d969, type: 2}
      propertyPath: m_LocalRotation.w
      value: 0.7071068
      objectReference: {fileID: 0}
    - target: {fileID: 4636468025301112, guid: 0abf35fe9c6ef7243a4424ad6800d969, type: 2}
      propertyPath: m_RootOrder
      value: 4
      objectReference: {fileID: 0}
    - target: {fileID: 1360389018443916, guid: 0abf35fe9c6ef7243a4424ad6800d969, type: 2}
      propertyPath: m_Name
      value: Wall (1)
      objectReference: {fileID: 0}
    - target: {fileID: 4636468025301112, guid: 0abf35fe9c6ef7243a4424ad6800d969, type: 2}
      propertyPath: m_LocalScale.y
      value: 15.70422
      objectReference: {fileID: 0}
    - target: {fileID: 4636468025301112, guid: 0abf35fe9c6ef7243a4424ad6800d969, type: 2}
      propertyPath: m_LocalScale.x
      value: 32.771843
      objectReference: {fileID: 0}
    m_RemovedComponents: []
  m_ParentPrefab: {fileID: 100100000, guid: 0abf35fe9c6ef7243a4424ad6800d969, type: 2}
  m_IsPrefabParent: 0
--- !u!1 &258500644
GameObject:
  m_ObjectHideFlags: 0
  m_PrefabParentObject: {fileID: 1486070119230936, guid: 64e70b51491f89b4ab624d938aca3492,
    type: 2}
  m_PrefabInternal: {fileID: 279933665}
  serializedVersion: 5
  m_Component:
  - component: {fileID: 258500647}
  - component: {fileID: 258500646}
  - component: {fileID: 258500645}
  m_Layer: 0
  m_Name: Ground
  m_TagString: Untagged
  m_Icon: {fileID: 0}
  m_NavMeshLayer: 0
  m_StaticEditorFlags: 0
  m_IsActive: 1
--- !u!61 &258500645
BoxCollider2D:
  m_ObjectHideFlags: 0
  m_PrefabParentObject: {fileID: 61680020279031448, guid: 64e70b51491f89b4ab624d938aca3492,
    type: 2}
  m_PrefabInternal: {fileID: 279933665}
  m_GameObject: {fileID: 258500644}
  m_Enabled: 1
  m_Density: 1
  m_Material: {fileID: 0}
  m_IsTrigger: 0
  m_UsedByEffector: 0
  m_UsedByComposite: 0
  m_Offset: {x: 0, y: 0.143}
  m_SpriteTilingProperty:
    border: {x: 0, y: 0, z: 0, w: 0}
    pivot: {x: 0.5, y: 0.5}
    oldSize: {x: 0.7, y: 0.7}
    newSize: {x: 0.7, y: 0.7}
    adaptiveTilingThreshold: 0.5
    drawMode: 0
    adaptiveTiling: 0
  m_AutoTiling: 0
  serializedVersion: 2
  m_Size: {x: 0.69, y: 0.41}
  m_EdgeRadius: 0
--- !u!212 &258500646
SpriteRenderer:
  m_ObjectHideFlags: 0
  m_PrefabParentObject: {fileID: 212956707261285566, guid: 64e70b51491f89b4ab624d938aca3492,
    type: 2}
  m_PrefabInternal: {fileID: 279933665}
  m_GameObject: {fileID: 258500644}
  m_Enabled: 1
  m_CastShadows: 0
  m_ReceiveShadows: 0
  m_MotionVectors: 1
  m_LightProbeUsage: 1
  m_ReflectionProbeUsage: 1
  m_Materials:
  - {fileID: 10754, guid: 0000000000000000f000000000000000, type: 0}
  m_StaticBatchInfo:
    firstSubMesh: 0
    subMeshCount: 0
  m_StaticBatchRoot: {fileID: 0}
  m_ProbeAnchor: {fileID: 0}
  m_LightProbeVolumeOverride: {fileID: 0}
  m_ScaleInLightmap: 1
  m_PreserveUVs: 0
  m_IgnoreNormalsForChartDetection: 0
  m_ImportantGI: 0
  m_SelectedEditorRenderState: 0
  m_MinimumChartSize: 4
  m_AutoUVMaxDistance: 0.5
  m_AutoUVMaxAngle: 89
  m_LightmapParameters: {fileID: 0}
  m_SortingLayerID: 0
  m_SortingLayer: 0
  m_SortingOrder: 0
  m_Sprite: {fileID: 21300000, guid: c61b50bfcb153294991301dd47308724, type: 3}
  m_Color: {r: 0, g: 0, b: 0, a: 1}
  m_FlipX: 0
  m_FlipY: 0
  m_DrawMode: 0
  m_Size: {x: 0.7, y: 0.7}
  m_AdaptiveModeThreshold: 0.5
  m_SpriteTileMode: 0
  m_WasSpriteAssigned: 1
  m_MaskInteraction: 0
--- !u!4 &258500647
Transform:
  m_ObjectHideFlags: 0
  m_PrefabParentObject: {fileID: 4153903329402048, guid: 64e70b51491f89b4ab624d938aca3492,
    type: 2}
  m_PrefabInternal: {fileID: 279933665}
  m_GameObject: {fileID: 258500644}
  m_LocalRotation: {x: 0, y: 0, z: 0, w: 1}
  m_LocalPosition: {x: 5.04, y: -3.94, z: 0}
  m_LocalScale: {x: 4.573854, y: 16.41461, z: 1}
  m_Children: []
  m_Father: {fileID: 0}
  m_RootOrder: 14
  m_LocalEulerAnglesHint: {x: 0, y: 0, z: 0}
--- !u!1001 &279933665
Prefab:
  m_ObjectHideFlags: 0
  serializedVersion: 2
  m_Modification:
    m_TransformParent: {fileID: 0}
    m_Modifications:
    - target: {fileID: 4153903329402048, guid: 64e70b51491f89b4ab624d938aca3492, type: 2}
      propertyPath: m_LocalPosition.x
      value: 5.04
      objectReference: {fileID: 0}
    - target: {fileID: 4153903329402048, guid: 64e70b51491f89b4ab624d938aca3492, type: 2}
      propertyPath: m_LocalPosition.y
      value: -3.94
      objectReference: {fileID: 0}
    - target: {fileID: 4153903329402048, guid: 64e70b51491f89b4ab624d938aca3492, type: 2}
      propertyPath: m_LocalPosition.z
      value: 0
      objectReference: {fileID: 0}
    - target: {fileID: 4153903329402048, guid: 64e70b51491f89b4ab624d938aca3492, type: 2}
      propertyPath: m_LocalRotation.x
      value: 0
      objectReference: {fileID: 0}
    - target: {fileID: 4153903329402048, guid: 64e70b51491f89b4ab624d938aca3492, type: 2}
      propertyPath: m_LocalRotation.y
      value: 0
      objectReference: {fileID: 0}
    - target: {fileID: 4153903329402048, guid: 64e70b51491f89b4ab624d938aca3492, type: 2}
      propertyPath: m_LocalRotation.z
      value: 0
      objectReference: {fileID: 0}
    - target: {fileID: 4153903329402048, guid: 64e70b51491f89b4ab624d938aca3492, type: 2}
      propertyPath: m_LocalRotation.w
      value: 1
      objectReference: {fileID: 0}
    - target: {fileID: 4153903329402048, guid: 64e70b51491f89b4ab624d938aca3492, type: 2}
      propertyPath: m_RootOrder
      value: 7
      objectReference: {fileID: 0}
    - target: {fileID: 1486070119230936, guid: 64e70b51491f89b4ab624d938aca3492, type: 2}
      propertyPath: m_Name
      value: Ground
      objectReference: {fileID: 0}
    - target: {fileID: 4153903329402048, guid: 64e70b51491f89b4ab624d938aca3492, type: 2}
      propertyPath: m_LocalScale.y
      value: 16.41461
      objectReference: {fileID: 0}
    - target: {fileID: 61680020279031448, guid: 64e70b51491f89b4ab624d938aca3492,
        type: 2}
      propertyPath: m_Size.y
      value: 0.41
      objectReference: {fileID: 0}
    - target: {fileID: 61680020279031448, guid: 64e70b51491f89b4ab624d938aca3492,
        type: 2}
      propertyPath: m_Offset.y
      value: 0.143
      objectReference: {fileID: 0}
    m_RemovedComponents: []
  m_ParentPrefab: {fileID: 100100000, guid: 64e70b51491f89b4ab624d938aca3492, type: 2}
  m_IsPrefabParent: 0
--- !u!1001 &403327766
Prefab:
  m_ObjectHideFlags: 0
  serializedVersion: 2
  m_Modification:
    m_TransformParent: {fileID: 0}
    m_Modifications:
    - target: {fileID: 4216465636105722, guid: fef69226e5a13894bb6cba78eab7ebec, type: 2}
      propertyPath: m_LocalPosition.x
      value: -17.9
      objectReference: {fileID: 0}
    - target: {fileID: 4216465636105722, guid: fef69226e5a13894bb6cba78eab7ebec, type: 2}
      propertyPath: m_LocalPosition.y
      value: -4.279
      objectReference: {fileID: 0}
    - target: {fileID: 4216465636105722, guid: fef69226e5a13894bb6cba78eab7ebec, type: 2}
      propertyPath: m_LocalPosition.z
      value: 0
      objectReference: {fileID: 0}
    - target: {fileID: 4216465636105722, guid: fef69226e5a13894bb6cba78eab7ebec, type: 2}
      propertyPath: m_LocalRotation.x
      value: 0
      objectReference: {fileID: 0}
    - target: {fileID: 4216465636105722, guid: fef69226e5a13894bb6cba78eab7ebec, type: 2}
      propertyPath: m_LocalRotation.y
      value: 0
      objectReference: {fileID: 0}
    - target: {fileID: 4216465636105722, guid: fef69226e5a13894bb6cba78eab7ebec, type: 2}
      propertyPath: m_LocalRotation.z
      value: 0
      objectReference: {fileID: 0}
    - target: {fileID: 4216465636105722, guid: fef69226e5a13894bb6cba78eab7ebec, type: 2}
      propertyPath: m_LocalRotation.w
      value: 1
      objectReference: {fileID: 0}
    - target: {fileID: 4216465636105722, guid: fef69226e5a13894bb6cba78eab7ebec, type: 2}
      propertyPath: m_RootOrder
      value: 8
      objectReference: {fileID: 0}
    - target: {fileID: 114470286987320094, guid: fef69226e5a13894bb6cba78eab7ebec,
        type: 2}
      propertyPath: HealthBar
      value: 
      objectReference: {fileID: 0}
    - target: {fileID: 1651506834329864, guid: fef69226e5a13894bb6cba78eab7ebec, type: 2}
      propertyPath: m_Layer
      value: 2
      objectReference: {fileID: 0}
    - target: {fileID: 1588334565105022, guid: fef69226e5a13894bb6cba78eab7ebec, type: 2}
      propertyPath: m_Layer
      value: 2
      objectReference: {fileID: 0}
    m_RemovedComponents:
    - {fileID: 114470286987320094, guid: fef69226e5a13894bb6cba78eab7ebec, type: 2}
  m_ParentPrefab: {fileID: 100100000, guid: fef69226e5a13894bb6cba78eab7ebec, type: 2}
  m_IsPrefabParent: 0
--- !u!1 &635921020
GameObject:
  m_ObjectHideFlags: 0
  m_PrefabParentObject: {fileID: 0}
  m_PrefabInternal: {fileID: 0}
  serializedVersion: 5
  m_Component:
  - component: {fileID: 635921023}
  - component: {fileID: 635921022}
  - component: {fileID: 635921021}
  m_Layer: 0
  m_Name: EventSystem
  m_TagString: Untagged
  m_Icon: {fileID: 0}
  m_NavMeshLayer: 0
  m_StaticEditorFlags: 0
  m_IsActive: 1
--- !u!114 &635921021
MonoBehaviour:
  m_ObjectHideFlags: 0
  m_PrefabParentObject: {fileID: 0}
  m_PrefabInternal: {fileID: 0}
  m_GameObject: {fileID: 635921020}
  m_Enabled: 1
  m_EditorHideFlags: 0
  m_Script: {fileID: 1077351063, guid: f70555f144d8491a825f0804e09c671c, type: 3}
  m_Name: 
  m_EditorClassIdentifier: 
  m_HorizontalAxis: Horizontal
  m_VerticalAxis: Vertical
  m_SubmitButton: Submit
  m_CancelButton: Cancel
  m_InputActionsPerSecond: 10
  m_RepeatDelay: 0.5
  m_ForceModuleActive: 0
--- !u!114 &635921022
MonoBehaviour:
  m_ObjectHideFlags: 0
  m_PrefabParentObject: {fileID: 0}
  m_PrefabInternal: {fileID: 0}
  m_GameObject: {fileID: 635921020}
  m_Enabled: 1
  m_EditorHideFlags: 0
  m_Script: {fileID: -619905303, guid: f70555f144d8491a825f0804e09c671c, type: 3}
  m_Name: 
  m_EditorClassIdentifier: 
  m_FirstSelected: {fileID: 0}
  m_sendNavigationEvents: 1
  m_DragThreshold: 5
--- !u!4 &635921023
Transform:
  m_ObjectHideFlags: 0
  m_PrefabParentObject: {fileID: 0}
  m_PrefabInternal: {fileID: 0}
  m_GameObject: {fileID: 635921020}
  m_LocalRotation: {x: 0, y: 0, z: 0, w: 1}
  m_LocalPosition: {x: 0, y: 0, z: 0}
  m_LocalScale: {x: 1, y: 1, z: 1}
  m_Children: []
  m_Father: {fileID: 0}
  m_RootOrder: 12
  m_LocalEulerAnglesHint: {x: 0, y: 0, z: 0}
--- !u!1 &699508343
GameObject:
  m_ObjectHideFlags: 0
  m_PrefabParentObject: {fileID: 0}
  m_PrefabInternal: {fileID: 0}
  serializedVersion: 5
  m_Component:
  - component: {fileID: 699508348}
  - component: {fileID: 699508347}
  - component: {fileID: 699508346}
  - component: {fileID: 699508345}
  - component: {fileID: 699508344}
  - component: {fileID: 699508349}
  m_Layer: 0
  m_Name: Main Camera
  m_TagString: MainCamera
  m_Icon: {fileID: 0}
  m_NavMeshLayer: 0
  m_StaticEditorFlags: 0
  m_IsActive: 1
--- !u!81 &699508344
AudioListener:
  m_ObjectHideFlags: 0
  m_PrefabParentObject: {fileID: 0}
  m_PrefabInternal: {fileID: 0}
  m_GameObject: {fileID: 699508343}
  m_Enabled: 1
--- !u!124 &699508345
Behaviour:
  m_ObjectHideFlags: 0
  m_PrefabParentObject: {fileID: 0}
  m_PrefabInternal: {fileID: 0}
  m_GameObject: {fileID: 699508343}
  m_Enabled: 1
--- !u!92 &699508346
Behaviour:
  m_ObjectHideFlags: 0
  m_PrefabParentObject: {fileID: 0}
  m_PrefabInternal: {fileID: 0}
  m_GameObject: {fileID: 699508343}
  m_Enabled: 1
--- !u!20 &699508347
Camera:
  m_ObjectHideFlags: 0
  m_PrefabParentObject: {fileID: 0}
  m_PrefabInternal: {fileID: 0}
  m_GameObject: {fileID: 699508343}
  m_Enabled: 1
  serializedVersion: 2
  m_ClearFlags: 1
  m_BackGroundColor: {r: 0.19215687, g: 0.3019608, b: 0.4745098, a: 0}
  m_NormalizedViewPortRect:
    serializedVersion: 2
    x: 0
    y: 0
    width: 1
    height: 1
  near clip plane: 0.3
  far clip plane: 1000
  field of view: 60
  orthographic: 1
  orthographic size: 5
  m_Depth: -1
  m_CullingMask:
    serializedVersion: 2
    m_Bits: 4294967295
  m_RenderingPath: -1
  m_TargetTexture: {fileID: 0}
  m_TargetDisplay: 0
  m_TargetEye: 3
  m_HDR: 1
  m_AllowMSAA: 1
  m_ForceIntoRT: 0
  m_OcclusionCulling: 1
  m_StereoConvergence: 10
  m_StereoSeparation: 0.022
  m_StereoMirrorMode: 0
--- !u!4 &699508348
Transform:
  m_ObjectHideFlags: 0
  m_PrefabParentObject: {fileID: 0}
  m_PrefabInternal: {fileID: 0}
  m_GameObject: {fileID: 699508343}
  m_LocalRotation: {x: -0, y: -0, z: -0, w: 1}
  m_LocalPosition: {x: -18.02, y: 0, z: -10}
  m_LocalScale: {x: 2.6, y: 1, z: 1}
  m_Children: []
  m_Father: {fileID: 0}
  m_RootOrder: 0
  m_LocalEulerAnglesHint: {x: 0, y: 0, z: 0}
--- !u!114 &699508349
MonoBehaviour:
  m_ObjectHideFlags: 0
  m_PrefabParentObject: {fileID: 0}
  m_PrefabInternal: {fileID: 0}
  m_GameObject: {fileID: 699508343}
  m_Enabled: 1
  m_EditorHideFlags: 0
  m_Script: {fileID: 11500000, guid: fc60e9dc448f8774bb6f7d72fe55cfec, type: 3}
  m_Name: 
  m_EditorClassIdentifier: 
  player: {fileID: 995465935}
  cameraOffset: 0
  moveSpeed: 1.2
--- !u!1001 &717903523
Prefab:
  m_ObjectHideFlags: 0
  serializedVersion: 2
  m_Modification:
    m_TransformParent: {fileID: 0}
    m_Modifications:
    - target: {fileID: 4689248486353464, guid: 53c2d16a23e9ccb4c9349f4358688d9c, type: 2}
      propertyPath: m_LocalPosition.x
      value: -7.5950174
      objectReference: {fileID: 0}
    - target: {fileID: 4689248486353464, guid: 53c2d16a23e9ccb4c9349f4358688d9c, type: 2}
      propertyPath: m_LocalPosition.y
      value: -4.26
      objectReference: {fileID: 0}
    - target: {fileID: 4689248486353464, guid: 53c2d16a23e9ccb4c9349f4358688d9c, type: 2}
      propertyPath: m_LocalPosition.z
      value: 0
      objectReference: {fileID: 0}
    - target: {fileID: 4689248486353464, guid: 53c2d16a23e9ccb4c9349f4358688d9c, type: 2}
      propertyPath: m_LocalRotation.x
      value: 0
      objectReference: {fileID: 0}
    - target: {fileID: 4689248486353464, guid: 53c2d16a23e9ccb4c9349f4358688d9c, type: 2}
      propertyPath: m_LocalRotation.y
      value: 0
      objectReference: {fileID: 0}
    - target: {fileID: 4689248486353464, guid: 53c2d16a23e9ccb4c9349f4358688d9c, type: 2}
      propertyPath: m_LocalRotation.z
      value: 0
      objectReference: {fileID: 0}
    - target: {fileID: 4689248486353464, guid: 53c2d16a23e9ccb4c9349f4358688d9c, type: 2}
      propertyPath: m_LocalRotation.w
      value: 1
      objectReference: {fileID: 0}
    - target: {fileID: 4689248486353464, guid: 53c2d16a23e9ccb4c9349f4358688d9c, type: 2}
      propertyPath: m_RootOrder
      value: 1
      objectReference: {fileID: 0}
    - target: {fileID: 1524676849359508, guid: 53c2d16a23e9ccb4c9349f4358688d9c, type: 2}
      propertyPath: m_TagString
      value: Plus
      objectReference: {fileID: 0}
    m_RemovedComponents: []
  m_ParentPrefab: {fileID: 100100000, guid: 53c2d16a23e9ccb4c9349f4358688d9c, type: 2}
  m_IsPrefabParent: 0
--- !u!1001 &808682990
Prefab:
  m_ObjectHideFlags: 0
  serializedVersion: 2
  m_Modification:
    m_TransformParent: {fileID: 0}
    m_Modifications:
    - target: {fileID: 4253421985542930, guid: bef31ec72ac88d6429496835b6a82035, type: 2}
      propertyPath: m_LocalPosition.x
      value: 40.9
      objectReference: {fileID: 0}
    - target: {fileID: 4253421985542930, guid: bef31ec72ac88d6429496835b6a82035, type: 2}
      propertyPath: m_LocalPosition.y
      value: -1.87
      objectReference: {fileID: 0}
    - target: {fileID: 4253421985542930, guid: bef31ec72ac88d6429496835b6a82035, type: 2}
      propertyPath: m_LocalPosition.z
      value: 0
      objectReference: {fileID: 0}
    - target: {fileID: 4253421985542930, guid: bef31ec72ac88d6429496835b6a82035, type: 2}
      propertyPath: m_LocalRotation.x
      value: 0
      objectReference: {fileID: 0}
    - target: {fileID: 4253421985542930, guid: bef31ec72ac88d6429496835b6a82035, type: 2}
      propertyPath: m_LocalRotation.y
      value: 0
      objectReference: {fileID: 0}
    - target: {fileID: 4253421985542930, guid: bef31ec72ac88d6429496835b6a82035, type: 2}
      propertyPath: m_LocalRotation.z
      value: 0
      objectReference: {fileID: 0}
    - target: {fileID: 4253421985542930, guid: bef31ec72ac88d6429496835b6a82035, type: 2}
      propertyPath: m_LocalRotation.w
      value: 1
      objectReference: {fileID: 0}
    - target: {fileID: 4253421985542930, guid: bef31ec72ac88d6429496835b6a82035, type: 2}
      propertyPath: m_RootOrder
      value: 3
      objectReference: {fileID: 0}
    - target: {fileID: 1092957741914958, guid: bef31ec72ac88d6429496835b6a82035, type: 2}
      propertyPath: m_Name
      value: Platform (5)
      objectReference: {fileID: 0}
    - target: {fileID: 4253421985542930, guid: bef31ec72ac88d6429496835b6a82035, type: 2}
      propertyPath: m_LocalScale.y
      value: 5.0220413
      objectReference: {fileID: 0}
    - target: {fileID: 4253421985542930, guid: bef31ec72ac88d6429496835b6a82035, type: 2}
      propertyPath: m_LocalScale.x
      value: 12.229165
      objectReference: {fileID: 0}
    m_RemovedComponents: []
  m_ParentPrefab: {fileID: 100100000, guid: bef31ec72ac88d6429496835b6a82035, type: 2}
  m_IsPrefabParent: 0
--- !u!1001 &890202666
Prefab:
  m_ObjectHideFlags: 0
  serializedVersion: 2
  m_Modification:
    m_TransformParent: {fileID: 0}
    m_Modifications:
    - target: {fileID: 4741890664991824, guid: d18f5617c8cc615418a4e4fcb546363a, type: 2}
      propertyPath: m_LocalPosition.x
      value: 22.11
      objectReference: {fileID: 0}
    - target: {fileID: 4741890664991824, guid: d18f5617c8cc615418a4e4fcb546363a, type: 2}
      propertyPath: m_LocalPosition.y
      value: -4.43
      objectReference: {fileID: 0}
    - target: {fileID: 4741890664991824, guid: d18f5617c8cc615418a4e4fcb546363a, type: 2}
      propertyPath: m_LocalPosition.z
      value: 0
      objectReference: {fileID: 0}
    - target: {fileID: 4741890664991824, guid: d18f5617c8cc615418a4e4fcb546363a, type: 2}
      propertyPath: m_LocalRotation.x
      value: 0
      objectReference: {fileID: 0}
    - target: {fileID: 4741890664991824, guid: d18f5617c8cc615418a4e4fcb546363a, type: 2}
      propertyPath: m_LocalRotation.y
      value: 0
      objectReference: {fileID: 0}
    - target: {fileID: 4741890664991824, guid: d18f5617c8cc615418a4e4fcb546363a, type: 2}
      propertyPath: m_LocalRotation.z
      value: 0
      objectReference: {fileID: 0}
    - target: {fileID: 4741890664991824, guid: d18f5617c8cc615418a4e4fcb546363a, type: 2}
      propertyPath: m_LocalRotation.w
      value: 1
      objectReference: {fileID: 0}
    - target: {fileID: 4741890664991824, guid: d18f5617c8cc615418a4e4fcb546363a, type: 2}
      propertyPath: m_RootOrder
      value: 17
      objectReference: {fileID: 0}
    - target: {fileID: 1739480008915056, guid: d18f5617c8cc615418a4e4fcb546363a, type: 2}
      propertyPath: m_Name
      value: Ground 1 (1)
      objectReference: {fileID: 0}
    m_RemovedComponents: []
  m_ParentPrefab: {fileID: 100100000, guid: d18f5617c8cc615418a4e4fcb546363a, type: 2}
  m_IsPrefabParent: 0
--- !u!1001 &955039842
Prefab:
  m_ObjectHideFlags: 0
  serializedVersion: 2
  m_Modification:
    m_TransformParent: {fileID: 0}
    m_Modifications:
    - target: {fileID: 4741890664991824, guid: d18f5617c8cc615418a4e4fcb546363a, type: 2}
      propertyPath: m_LocalPosition.x
      value: 31.226364
      objectReference: {fileID: 0}
    - target: {fileID: 4741890664991824, guid: d18f5617c8cc615418a4e4fcb546363a, type: 2}
      propertyPath: m_LocalPosition.y
      value: -0.16059208
      objectReference: {fileID: 0}
    - target: {fileID: 4741890664991824, guid: d18f5617c8cc615418a4e4fcb546363a, type: 2}
      propertyPath: m_LocalPosition.z
      value: 0
      objectReference: {fileID: 0}
    - target: {fileID: 4741890664991824, guid: d18f5617c8cc615418a4e4fcb546363a, type: 2}
      propertyPath: m_LocalRotation.x
      value: 0
      objectReference: {fileID: 0}
    - target: {fileID: 4741890664991824, guid: d18f5617c8cc615418a4e4fcb546363a, type: 2}
      propertyPath: m_LocalRotation.y
      value: 0
      objectReference: {fileID: 0}
    - target: {fileID: 4741890664991824, guid: d18f5617c8cc615418a4e4fcb546363a, type: 2}
      propertyPath: m_LocalRotation.z
      value: 0
      objectReference: {fileID: 0}
    - target: {fileID: 4741890664991824, guid: d18f5617c8cc615418a4e4fcb546363a, type: 2}
      propertyPath: m_LocalRotation.w
      value: 1
      objectReference: {fileID: 0}
    - target: {fileID: 4741890664991824, guid: d18f5617c8cc615418a4e4fcb546363a, type: 2}
      propertyPath: m_RootOrder
      value: 6
      objectReference: {fileID: 0}
    m_RemovedComponents: []
  m_ParentPrefab: {fileID: 100100000, guid: d18f5617c8cc615418a4e4fcb546363a, type: 2}
  m_IsPrefabParent: 0
--- !u!1 &995465935 stripped
GameObject:
  m_PrefabParentObject: {fileID: 1651506834329864, guid: fef69226e5a13894bb6cba78eab7ebec,
    type: 2}
  m_PrefabInternal: {fileID: 403327766}
--- !u!114 &995465942
MonoBehaviour:
  m_ObjectHideFlags: 0
  m_PrefabParentObject: {fileID: 0}
  m_PrefabInternal: {fileID: 0}
  m_GameObject: {fileID: 995465935}
  m_Enabled: 1
  m_EditorHideFlags: 0
  m_Script: {fileID: 11500000, guid: b7ebd2961456e7c4fae7e71ae0e08aa3, type: 3}
  m_Name: 
  m_EditorClassIdentifier: 
--- !u!1001 &1077844571
Prefab:
  m_ObjectHideFlags: 0
  serializedVersion: 2
  m_Modification:
    m_TransformParent: {fileID: 0}
    m_Modifications:
    - target: {fileID: 4741890664991824, guid: d18f5617c8cc615418a4e4fcb546363a, type: 2}
      propertyPath: m_LocalPosition.x
      value: 15
      objectReference: {fileID: 0}
    - target: {fileID: 4741890664991824, guid: d18f5617c8cc615418a4e4fcb546363a, type: 2}
      propertyPath: m_LocalPosition.y
      value: -0.1
      objectReference: {fileID: 0}
    - target: {fileID: 4741890664991824, guid: d18f5617c8cc615418a4e4fcb546363a, type: 2}
      propertyPath: m_LocalPosition.z
      value: 0
      objectReference: {fileID: 0}
    - target: {fileID: 4741890664991824, guid: d18f5617c8cc615418a4e4fcb546363a, type: 2}
      propertyPath: m_LocalRotation.x
      value: 0
      objectReference: {fileID: 0}
    - target: {fileID: 4741890664991824, guid: d18f5617c8cc615418a4e4fcb546363a, type: 2}
      propertyPath: m_LocalRotation.y
      value: 0
      objectReference: {fileID: 0}
    - target: {fileID: 4741890664991824, guid: d18f5617c8cc615418a4e4fcb546363a, type: 2}
      propertyPath: m_LocalRotation.z
      value: 0
      objectReference: {fileID: 0}
    - target: {fileID: 4741890664991824, guid: d18f5617c8cc615418a4e4fcb546363a, type: 2}
      propertyPath: m_LocalRotation.w
      value: 1
      objectReference: {fileID: 0}
    - target: {fileID: 4741890664991824, guid: d18f5617c8cc615418a4e4fcb546363a, type: 2}
      propertyPath: m_RootOrder
      value: 7
      objectReference: {fileID: 0}
    - target: {fileID: 1739480008915056, guid: d18f5617c8cc615418a4e4fcb546363a, type: 2}
      propertyPath: m_Name
      value: Ground 1
      objectReference: {fileID: 0}
    m_RemovedComponents: []
  m_ParentPrefab: {fileID: 100100000, guid: d18f5617c8cc615418a4e4fcb546363a, type: 2}
  m_IsPrefabParent: 0
--- !u!1001 &1127538277
Prefab:
  m_ObjectHideFlags: 0
  serializedVersion: 2
  m_Modification:
    m_TransformParent: {fileID: 0}
    m_Modifications:
    - target: {fileID: 4741890664991824, guid: d18f5617c8cc615418a4e4fcb546363a, type: 2}
      propertyPath: m_LocalPosition.x
      value: 31.226364
      objectReference: {fileID: 0}
    - target: {fileID: 4741890664991824, guid: d18f5617c8cc615418a4e4fcb546363a, type: 2}
      propertyPath: m_LocalPosition.y
      value: -4.853
      objectReference: {fileID: 0}
    - target: {fileID: 4741890664991824, guid: d18f5617c8cc615418a4e4fcb546363a, type: 2}
      propertyPath: m_LocalPosition.z
      value: 0
      objectReference: {fileID: 0}
    - target: {fileID: 4741890664991824, guid: d18f5617c8cc615418a4e4fcb546363a, type: 2}
      propertyPath: m_LocalRotation.x
      value: 0
      objectReference: {fileID: 0}
    - target: {fileID: 4741890664991824, guid: d18f5617c8cc615418a4e4fcb546363a, type: 2}
      propertyPath: m_LocalRotation.y
      value: 0
      objectReference: {fileID: 0}
    - target: {fileID: 4741890664991824, guid: d18f5617c8cc615418a4e4fcb546363a, type: 2}
      propertyPath: m_LocalRotation.z
      value: 0
      objectReference: {fileID: 0}
    - target: {fileID: 4741890664991824, guid: d18f5617c8cc615418a4e4fcb546363a, type: 2}
      propertyPath: m_LocalRotation.w
      value: 1
      objectReference: {fileID: 0}
    - target: {fileID: 4741890664991824, guid: d18f5617c8cc615418a4e4fcb546363a, type: 2}
      propertyPath: m_RootOrder
      value: 5
      objectReference: {fileID: 0}
    - target: {fileID: 1739480008915056, guid: d18f5617c8cc615418a4e4fcb546363a, type: 2}
      propertyPath: m_Name
      value: Ground 1 1 (1)
      objectReference: {fileID: 0}
    - target: {fileID: 4741890664991824, guid: d18f5617c8cc615418a4e4fcb546363a, type: 2}
      propertyPath: m_LocalScale.y
      value: 6.078395
      objectReference: {fileID: 0}
    m_RemovedComponents: []
  m_ParentPrefab: {fileID: 100100000, guid: d18f5617c8cc615418a4e4fcb546363a, type: 2}
  m_IsPrefabParent: 0
--- !u!1001 &1232696957
Prefab:
  m_ObjectHideFlags: 0
  serializedVersion: 2
  m_Modification:
    m_TransformParent: {fileID: 0}
    m_Modifications:
    - target: {fileID: 4636468025301112, guid: 0abf35fe9c6ef7243a4424ad6800d969, type: 2}
      propertyPath: m_LocalPosition.x
      value: -26.76
      objectReference: {fileID: 0}
    - target: {fileID: 4636468025301112, guid: 0abf35fe9c6ef7243a4424ad6800d969, type: 2}
      propertyPath: m_LocalPosition.y
      value: -0.081
      objectReference: {fileID: 0}
    - target: {fileID: 4636468025301112, guid: 0abf35fe9c6ef7243a4424ad6800d969, type: 2}
      propertyPath: m_LocalPosition.z
      value: 0
      objectReference: {fileID: 0}
    - target: {fileID: 4636468025301112, guid: 0abf35fe9c6ef7243a4424ad6800d969, type: 2}
      propertyPath: m_LocalRotation.x
      value: 0
      objectReference: {fileID: 0}
    - target: {fileID: 4636468025301112, guid: 0abf35fe9c6ef7243a4424ad6800d969, type: 2}
      propertyPath: m_LocalRotation.y
      value: 0
      objectReference: {fileID: 0}
    - target: {fileID: 4636468025301112, guid: 0abf35fe9c6ef7243a4424ad6800d969, type: 2}
      propertyPath: m_LocalRotation.z
      value: -0.7071068
      objectReference: {fileID: 0}
    - target: {fileID: 4636468025301112, guid: 0abf35fe9c6ef7243a4424ad6800d969, type: 2}
      propertyPath: m_LocalRotation.w
      value: 0.7071068
      objectReference: {fileID: 0}
    - target: {fileID: 4636468025301112, guid: 0abf35fe9c6ef7243a4424ad6800d969, type: 2}
      propertyPath: m_RootOrder
      value: 11
      objectReference: {fileID: 0}
    - target: {fileID: 4636468025301112, guid: 0abf35fe9c6ef7243a4424ad6800d969, type: 2}
      propertyPath: m_LocalScale.x
      value: 14.583551
      objectReference: {fileID: 0}
    - target: {fileID: 4636468025301112, guid: 0abf35fe9c6ef7243a4424ad6800d969, type: 2}
      propertyPath: m_LocalScale.y
      value: 19.155529
      objectReference: {fileID: 0}
    - target: {fileID: 4636468025301112, guid: 0abf35fe9c6ef7243a4424ad6800d969, type: 2}
      propertyPath: m_LocalEulerAnglesHint.z
      value: -90
      objectReference: {fileID: 0}
    m_RemovedComponents: []
  m_ParentPrefab: {fileID: 100100000, guid: 0abf35fe9c6ef7243a4424ad6800d969, type: 2}
  m_IsPrefabParent: 0
--- !u!1 &1397101591
GameObject:
  m_ObjectHideFlags: 0
  m_PrefabParentObject: {fileID: 0}
  m_PrefabInternal: {fileID: 0}
  serializedVersion: 5
  m_Component:
  - component: {fileID: 1397101592}
  - component: {fileID: 1397101594}
  - component: {fileID: 1397101593}
  m_Layer: 5
  m_Name: Text
  m_TagString: Untagged
  m_Icon: {fileID: 0}
  m_NavMeshLayer: 0
  m_StaticEditorFlags: 0
  m_IsActive: 1
--- !u!224 &1397101592
RectTransform:
  m_ObjectHideFlags: 0
  m_PrefabParentObject: {fileID: 0}
  m_PrefabInternal: {fileID: 0}
  m_GameObject: {fileID: 1397101591}
  m_LocalRotation: {x: 0, y: 0, z: 0, w: 1}
  m_LocalPosition: {x: 0, y: 0, z: 0}
  m_LocalScale: {x: 1, y: 1, z: 1}
  m_Children: []
  m_Father: {fileID: 1849617092}
  m_RootOrder: 0
  m_LocalEulerAnglesHint: {x: 0, y: 0, z: 0}
  m_AnchorMin: {x: 0.5, y: 0.5}
  m_AnchorMax: {x: 0.5, y: 0.5}
  m_AnchoredPosition: {x: -341, y: 198}
  m_SizeDelta: {x: 233.5, y: 100}
  m_Pivot: {x: 0.5, y: 0.5}
--- !u!114 &1397101593
MonoBehaviour:
  m_ObjectHideFlags: 0
  m_PrefabParentObject: {fileID: 0}
  m_PrefabInternal: {fileID: 0}
  m_GameObject: {fileID: 1397101591}
  m_Enabled: 1
  m_EditorHideFlags: 0
  m_Script: {fileID: 708705254, guid: f70555f144d8491a825f0804e09c671c, type: 3}
  m_Name: 
  m_EditorClassIdentifier: 
  m_Material: {fileID: 0}
  m_Color: {r: 1, g: 1, b: 1, a: 1}
  m_RaycastTarget: 1
  m_OnCullStateChanged:
    m_PersistentCalls:
      m_Calls: []
    m_TypeName: UnityEngine.UI.MaskableGraphic+CullStateChangedEvent, UnityEngine.UI,
      Version=1.0.0.0, Culture=neutral, PublicKeyToken=null
  m_FontData:
    m_Font: {fileID: 10102, guid: 0000000000000000e000000000000000, type: 0}
    m_FontSize: 25
    m_FontStyle: 0
    m_BestFit: 0
    m_MinSize: 2
    m_MaxSize: 40
    m_Alignment: 0
    m_AlignByGeometry: 0
    m_RichText: 1
    m_HorizontalOverflow: 0
    m_VerticalOverflow: 0
    m_LineSpacing: 1
  m_Text: 'Time: '
--- !u!222 &1397101594
CanvasRenderer:
  m_ObjectHideFlags: 0
  m_PrefabParentObject: {fileID: 0}
  m_PrefabInternal: {fileID: 0}
  m_GameObject: {fileID: 1397101591}
--- !u!1001 &1485612229
Prefab:
  m_ObjectHideFlags: 0
  serializedVersion: 2
  m_Modification:
    m_TransformParent: {fileID: 0}
    m_Modifications:
    - target: {fileID: 4253421985542930, guid: bef31ec72ac88d6429496835b6a82035, type: 2}
      propertyPath: m_LocalPosition.x
      value: 40.413
      objectReference: {fileID: 0}
    - target: {fileID: 4253421985542930, guid: bef31ec72ac88d6429496835b6a82035, type: 2}
      propertyPath: m_LocalPosition.y
      value: 4.66
      objectReference: {fileID: 0}
    - target: {fileID: 4253421985542930, guid: bef31ec72ac88d6429496835b6a82035, type: 2}
      propertyPath: m_LocalPosition.z
      value: 0
      objectReference: {fileID: 0}
    - target: {fileID: 4253421985542930, guid: bef31ec72ac88d6429496835b6a82035, type: 2}
      propertyPath: m_LocalRotation.x
      value: 0
      objectReference: {fileID: 0}
    - target: {fileID: 4253421985542930, guid: bef31ec72ac88d6429496835b6a82035, type: 2}
      propertyPath: m_LocalRotation.y
      value: 0
      objectReference: {fileID: 0}
    - target: {fileID: 4253421985542930, guid: bef31ec72ac88d6429496835b6a82035, type: 2}
      propertyPath: m_LocalRotation.z
      value: 0
      objectReference: {fileID: 0}
    - target: {fileID: 4253421985542930, guid: bef31ec72ac88d6429496835b6a82035, type: 2}
      propertyPath: m_LocalRotation.w
      value: 1
      objectReference: {fileID: 0}
    - target: {fileID: 4253421985542930, guid: bef31ec72ac88d6429496835b6a82035, type: 2}
      propertyPath: m_RootOrder
      value: 15
      objectReference: {fileID: 0}
    - target: {fileID: 1092957741914958, guid: bef31ec72ac88d6429496835b6a82035, type: 2}
      propertyPath: m_Name
      value: Platform (3)
      objectReference: {fileID: 0}
    - target: {fileID: 4253421985542930, guid: bef31ec72ac88d6429496835b6a82035, type: 2}
      propertyPath: m_LocalScale.x
      value: 49.67991
      objectReference: {fileID: 0}
    m_RemovedComponents: []
  m_ParentPrefab: {fileID: 100100000, guid: bef31ec72ac88d6429496835b6a82035, type: 2}
  m_IsPrefabParent: 0
--- !u!1001 &1571527870
Prefab:
  m_ObjectHideFlags: 0
  serializedVersion: 2
  m_Modification:
    m_TransformParent: {fileID: 0}
    m_Modifications:
    - target: {fileID: 4253421985542930, guid: bef31ec72ac88d6429496835b6a82035, type: 2}
      propertyPath: m_LocalPosition.x
      value: -2.973
      objectReference: {fileID: 0}
    - target: {fileID: 4253421985542930, guid: bef31ec72ac88d6429496835b6a82035, type: 2}
      propertyPath: m_LocalPosition.y
      value: -5.09
      objectReference: {fileID: 0}
    - target: {fileID: 4253421985542930, guid: bef31ec72ac88d6429496835b6a82035, type: 2}
      propertyPath: m_LocalPosition.z
      value: 0
      objectReference: {fileID: 0}
    - target: {fileID: 4253421985542930, guid: bef31ec72ac88d6429496835b6a82035, type: 2}
      propertyPath: m_LocalRotation.x
      value: 0
      objectReference: {fileID: 0}
    - target: {fileID: 4253421985542930, guid: bef31ec72ac88d6429496835b6a82035, type: 2}
      propertyPath: m_LocalRotation.y
      value: 0
      objectReference: {fileID: 0}
    - target: {fileID: 4253421985542930, guid: bef31ec72ac88d6429496835b6a82035, type: 2}
      propertyPath: m_LocalRotation.z
      value: 0
      objectReference: {fileID: 0}
    - target: {fileID: 4253421985542930, guid: bef31ec72ac88d6429496835b6a82035, type: 2}
      propertyPath: m_LocalRotation.w
      value: 1
      objectReference: {fileID: 0}
    - target: {fileID: 4253421985542930, guid: bef31ec72ac88d6429496835b6a82035, type: 2}
      propertyPath: m_RootOrder
      value: 9
      objectReference: {fileID: 0}
    - target: {fileID: 4253421985542930, guid: bef31ec72ac88d6429496835b6a82035, type: 2}
      propertyPath: m_LocalScale.x
      value: 49.22303
      objectReference: {fileID: 0}
    m_RemovedComponents: []
  m_ParentPrefab: {fileID: 100100000, guid: bef31ec72ac88d6429496835b6a82035, type: 2}
  m_IsPrefabParent: 0
--- !u!1001 &1794259488
Prefab:
  m_ObjectHideFlags: 0
  serializedVersion: 2
  m_Modification:
    m_TransformParent: {fileID: 0}
    m_Modifications:
    - target: {fileID: 4253421985542930, guid: bef31ec72ac88d6429496835b6a82035, type: 2}
      propertyPath: m_LocalPosition.x
      value: 45.055
      objectReference: {fileID: 0}
    - target: {fileID: 4253421985542930, guid: bef31ec72ac88d6429496835b6a82035, type: 2}
      propertyPath: m_LocalPosition.y
      value: -5.09
      objectReference: {fileID: 0}
    - target: {fileID: 4253421985542930, guid: bef31ec72ac88d6429496835b6a82035, type: 2}
      propertyPath: m_LocalPosition.z
      value: 0
      objectReference: {fileID: 0}
    - target: {fileID: 4253421985542930, guid: bef31ec72ac88d6429496835b6a82035, type: 2}
      propertyPath: m_LocalRotation.x
      value: 0
      objectReference: {fileID: 0}
    - target: {fileID: 4253421985542930, guid: bef31ec72ac88d6429496835b6a82035, type: 2}
      propertyPath: m_LocalRotation.y
      value: 0
      objectReference: {fileID: 0}
    - target: {fileID: 4253421985542930, guid: bef31ec72ac88d6429496835b6a82035, type: 2}
      propertyPath: m_LocalRotation.z
      value: 0
      objectReference: {fileID: 0}
    - target: {fileID: 4253421985542930, guid: bef31ec72ac88d6429496835b6a82035, type: 2}
      propertyPath: m_LocalRotation.w
      value: 1
      objectReference: {fileID: 0}
    - target: {fileID: 4253421985542930, guid: bef31ec72ac88d6429496835b6a82035, type: 2}
      propertyPath: m_RootOrder
      value: 18
      objectReference: {fileID: 0}
    - target: {fileID: 4253421985542930, guid: bef31ec72ac88d6429496835b6a82035, type: 2}
      propertyPath: m_LocalScale.x
      value: 14.205154
      objectReference: {fileID: 0}
    - target: {fileID: 1092957741914958, guid: bef31ec72ac88d6429496835b6a82035, type: 2}
      propertyPath: m_Name
      value: Platform (4)
      objectReference: {fileID: 0}
    m_RemovedComponents: []
  m_ParentPrefab: {fileID: 100100000, guid: bef31ec72ac88d6429496835b6a82035, type: 2}
  m_IsPrefabParent: 0
--- !u!1 &1849617088
GameObject:
  m_ObjectHideFlags: 0
  m_PrefabParentObject: {fileID: 0}
  m_PrefabInternal: {fileID: 0}
  serializedVersion: 5
  m_Component:
  - component: {fileID: 1849617092}
  - component: {fileID: 1849617091}
  - component: {fileID: 1849617090}
  - component: {fileID: 1849617089}
  - component: {fileID: 1849617093}
  m_Layer: 5
  m_Name: Canvas
  m_TagString: Untagged
  m_Icon: {fileID: 0}
  m_NavMeshLayer: 0
  m_StaticEditorFlags: 0
  m_IsActive: 1
--- !u!114 &1849617089
MonoBehaviour:
  m_ObjectHideFlags: 0
  m_PrefabParentObject: {fileID: 0}
  m_PrefabInternal: {fileID: 0}
  m_GameObject: {fileID: 1849617088}
  m_Enabled: 1
  m_EditorHideFlags: 0
  m_Script: {fileID: 1301386320, guid: f70555f144d8491a825f0804e09c671c, type: 3}
  m_Name: 
  m_EditorClassIdentifier: 
  m_IgnoreReversedGraphics: 1
  m_BlockingObjects: 0
  m_BlockingMask:
    serializedVersion: 2
    m_Bits: 4294967295
--- !u!114 &1849617090
MonoBehaviour:
  m_ObjectHideFlags: 0
  m_PrefabParentObject: {fileID: 0}
  m_PrefabInternal: {fileID: 0}
  m_GameObject: {fileID: 1849617088}
  m_Enabled: 1
  m_EditorHideFlags: 0
  m_Script: {fileID: 1980459831, guid: f70555f144d8491a825f0804e09c671c, type: 3}
  m_Name: 
  m_EditorClassIdentifier: 
  m_UiScaleMode: 0
  m_ReferencePixelsPerUnit: 100
  m_ScaleFactor: 1
  m_ReferenceResolution: {x: 800, y: 600}
  m_ScreenMatchMode: 0
  m_MatchWidthOrHeight: 0
  m_PhysicalUnit: 3
  m_FallbackScreenDPI: 96
  m_DefaultSpriteDPI: 96
  m_DynamicPixelsPerUnit: 1
--- !u!223 &1849617091
Canvas:
  m_ObjectHideFlags: 0
  m_PrefabParentObject: {fileID: 0}
  m_PrefabInternal: {fileID: 0}
  m_GameObject: {fileID: 1849617088}
  m_Enabled: 1
  serializedVersion: 3
  m_RenderMode: 1
  m_Camera: {fileID: 699508347}
  m_PlaneDistance: 100
  m_PixelPerfect: 0
  m_ReceivesEvents: 1
  m_OverrideSorting: 0
  m_OverridePixelPerfect: 0
  m_SortingBucketNormalizedSize: 0
  m_AdditionalShaderChannelsFlag: 0
  m_SortingLayerID: 0
  m_SortingOrder: 1
  m_TargetDisplay: 0
--- !u!224 &1849617092
RectTransform:
  m_ObjectHideFlags: 0
  m_PrefabParentObject: {fileID: 0}
  m_PrefabInternal: {fileID: 0}
  m_GameObject: {fileID: 1849617088}
  m_LocalRotation: {x: 0, y: 0, z: 0, w: 1}
  m_LocalPosition: {x: 0, y: 0, z: 0}
  m_LocalScale: {x: 0, y: 0, z: 0}
  m_Children:
  - {fileID: 1397101592}
  m_Father: {fileID: 0}
  m_RootOrder: 16
  m_LocalEulerAnglesHint: {x: 0, y: 0, z: 0}
  m_AnchorMin: {x: 0, y: 0}
  m_AnchorMax: {x: 0, y: 0}
  m_AnchoredPosition: {x: 0, y: 0}
  m_SizeDelta: {x: 0, y: 0}
  m_Pivot: {x: 0, y: 0}
--- !u!114 &1849617093
MonoBehaviour:
  m_ObjectHideFlags: 0
  m_PrefabParentObject: {fileID: 0}
  m_PrefabInternal: {fileID: 0}
  m_GameObject: {fileID: 1849617088}
  m_Enabled: 1
  m_EditorHideFlags: 0
  m_Script: {fileID: 11500000, guid: 4f50d780e311e8846ac9c32d70ad7713, type: 3}
  m_Name: 
  m_EditorClassIdentifier: 
  timer: 100
  timerText: {fileID: 1397101593}
--- !u!1001 &1854061658
Prefab:
  m_ObjectHideFlags: 0
  serializedVersion: 2
  m_Modification:
    m_TransformParent: {fileID: 0}
    m_Modifications:
    - target: {fileID: 4253421985542930, guid: bef31ec72ac88d6429496835b6a82035, type: 2}
      propertyPath: m_LocalPosition.x
      value: 47.089413
      objectReference: {fileID: 0}
    - target: {fileID: 4253421985542930, guid: bef31ec72ac88d6429496835b6a82035, type: 2}
      propertyPath: m_LocalPosition.y
      value: -13.844209
      objectReference: {fileID: 0}
    - target: {fileID: 4253421985542930, guid: bef31ec72ac88d6429496835b6a82035, type: 2}
      propertyPath: m_LocalPosition.z
      value: 0
      objectReference: {fileID: 0}
    - target: {fileID: 4253421985542930, guid: bef31ec72ac88d6429496835b6a82035, type: 2}
      propertyPath: m_LocalRotation.x
      value: 0
      objectReference: {fileID: 0}
    - target: {fileID: 4253421985542930, guid: bef31ec72ac88d6429496835b6a82035, type: 2}
      propertyPath: m_LocalRotation.y
      value: 0
      objectReference: {fileID: 0}
    - target: {fileID: 4253421985542930, guid: bef31ec72ac88d6429496835b6a82035, type: 2}
      propertyPath: m_LocalRotation.z
      value: 0
      objectReference: {fileID: 0}
    - target: {fileID: 4253421985542930, guid: bef31ec72ac88d6429496835b6a82035, type: 2}
      propertyPath: m_LocalRotation.w
      value: 1
      objectReference: {fileID: 0}
    - target: {fileID: 4253421985542930, guid: bef31ec72ac88d6429496835b6a82035, type: 2}
      propertyPath: m_RootOrder
      value: 2
      objectReference: {fileID: 0}
    - target: {fileID: 1092957741914958, guid: bef31ec72ac88d6429496835b6a82035, type: 2}
      propertyPath: m_Name
      value: Platform (6)
      objectReference: {fileID: 0}
    m_RemovedComponents: []
  m_ParentPrefab: {fileID: 100100000, guid: bef31ec72ac88d6429496835b6a82035, type: 2}
  m_IsPrefabParent: 0
--- !u!1001 &1935903822
Prefab:
  m_ObjectHideFlags: 0
  serializedVersion: 2
  m_Modification:
    m_TransformParent: {fileID: 0}
    m_Modifications:
    - target: {fileID: 4253421985542930, guid: bef31ec72ac88d6429496835b6a82035, type: 2}
      propertyPath: m_LocalPosition.x
      value: 0.439
      objectReference: {fileID: 0}
    - target: {fileID: 4253421985542930, guid: bef31ec72ac88d6429496835b6a82035, type: 2}
      propertyPath: m_LocalPosition.y
      value: 4.66
      objectReference: {fileID: 0}
    - target: {fileID: 4253421985542930, guid: bef31ec72ac88d6429496835b6a82035, type: 2}
      propertyPath: m_LocalPosition.z
      value: 0
      objectReference: {fileID: 0}
    - target: {fileID: 4253421985542930, guid: bef31ec72ac88d6429496835b6a82035, type: 2}
      propertyPath: m_LocalRotation.x
      value: 0
      objectReference: {fileID: 0}
    - target: {fileID: 4253421985542930, guid: bef31ec72ac88d6429496835b6a82035, type: 2}
      propertyPath: m_LocalRotation.y
      value: 0
      objectReference: {fileID: 0}
    - target: {fileID: 4253421985542930, guid: bef31ec72ac88d6429496835b6a82035, type: 2}
      propertyPath: m_LocalRotation.z
      value: 0
      objectReference: {fileID: 0}
    - target: {fileID: 4253421985542930, guid: bef31ec72ac88d6429496835b6a82035, type: 2}
      propertyPath: m_LocalRotation.w
      value: 1
      objectReference: {fileID: 0}
    - target: {fileID: 4253421985542930, guid: bef31ec72ac88d6429496835b6a82035, type: 2}
      propertyPath: m_RootOrder
      value: 10
      objectReference: {fileID: 0}
    - target: {fileID: 1092957741914958, guid: bef31ec72ac88d6429496835b6a82035, type: 2}
      propertyPath: m_Name
      value: Platform (1)
      objectReference: {fileID: 0}
    - target: {fileID: 4253421985542930, guid: bef31ec72ac88d6429496835b6a82035, type: 2}
      propertyPath: m_LocalScale.x
      value: 58.978176
      objectReference: {fileID: 0}
    m_RemovedComponents: []
  m_ParentPrefab: {fileID: 100100000, guid: bef31ec72ac88d6429496835b6a82035, type: 2}
  m_IsPrefabParent: 0
